 Dungeon Crawl Stone Soup version 0.23.2-40-g277498a001 (webtiles) character file.

Game seed: 10581622382152911220

1680 Emblim88 the Skirmisher (level 8, -1/73 HPs)
             Began as a Minotaur Monk on Oct 19, 2019.
             Was a Believer of Uskayaw.
             Slain by an orc warrior
             ... wielding a +0 long sword
              (20 damage)
             ... on level 6 of the Dungeon.
             The game lasted 00:10:32 (6863 turns).

Emblim88 the Skirmisher (Minotaur Monk)             Turns: 6863, Time: 00:10:33

Health: -1/73      AC: 10    Str: 17    XL:     8   Next: 71%
Magic:  7/10       EV:  4    Int:  8    God:    Uskayaw [**....]
Gold:   254        SH: 11    Dex: 13    Spells: 7/7 levels left

rFire    . . .     SeeInvis +   p - +0 long sword
rCold    . . .     Gourm    .   x - +2 shield
rNeg     . . .     Faith    .   u - +0 plate armour
rPois    .         Spirit   .   (helmet restricted)
rElec    .         Reflect  .   (no cloak)
rCorr    .         Harm     +   (no gloves)
MR       .....                  (no boots)
Stlth    ..........             q - amulet of harm
HPRegen  0.22/turn              d - ring of see invisible
MPRegen  0.12/turn              (no ring)

@: no status effects
A: retaliatory headbutt, horns 2
a: Stomp, Line Pass, Renounce Religion


You were on level 6 of the Dungeon.
You worshipped Uskayaw.
Uskayaw was noncommittal.
You were not hungry.

You visited 2 branches of the dungeon, and saw 7 of its levels.

You collected 254 gold pieces.

Inventory:

Hand Weapons
 a - a +0 falchion
 p - a +0 long sword (weapon)
 v - a +0 short sword of speed
Missiles
 e - 2 javelins of returning (quivered)
Armour
 u - a +0 plate armour (worn)
 x - a +2 shield (worn)
Jewellery
 d - a ring of see invisible (left hand)
 q - an amulet of harm (around neck)
Wands
 s - a wand of iceblast (8)
Scrolls
 f - 2 scrolls of enchant weapon
 h - 2 scrolls of magic mapping
 i - 8 scrolls of fear
 l - a scroll of blinking
 m - 6 scrolls of remove curse
 o - 3 scrolls of immolation
 w - a scroll of teleportation {unknown}
 y - a scroll of identify
Potions
 b - a potion of cancellation {unknown}
 j - a potion of magic
 k - 3 potions of lignification
 n - a potion of brilliance
 t - a potion of haste
Comestibles
 c - 8 rations
 r - a chunk of flesh


   Skills:
 - Level 7.1 Fighting
 - Level 7.1 Long Blades
 - Level 6.2 Dodging
 - Level 1.5 Stealth
 * Level 3.6 Shields
 - Level 3.6 Invocations
 - Level 4.0 Evocations


You had 7 spell levels left.
You didn't know any spells.
Your spell library contained the following spells:

 Spells                   Type           Power        Failure   Level  Hunger
 Corona                   Hex            #......      100%        1    ##.....
 Ensorcelled Hibernation  Hex/Ice        #.....       100%        2    ###....
 Confuse                  Hex            #.......     100%        3    ####...
 Dazzling Spray           Conj/Hex       #.....       100%        3    ####...
 Tukima's Dance           Hex            #.......     100%        3    ####...


Dungeon Overview and Level Annotations

Branches:
Dungeon (6/15)             Temple (1/1) D:4

Altars:
Ashenzari
Cheibriados
Dithmenos
Elyvilon
Fedhas
Gozag
Hepliaklqana
Kikubaaqudgha
Makhleb
Nemelex Xobeh
Okawaru
Ru
Sif Muna
Trog
Uskayaw
Vehumet
Xom
Yredelemnul
Zin
The Shining One


Innate Abilities, Weirdness & Mutations

You reflexively headbutt those who attack you in melee.
You have a pair of horns on your head.


Message History

The orc warrior is severely wounded.
You block the orc warrior's attack. You block the orc's attack.
Your plate armour prevents you from hitting the orc warrior.
The orc warrior is severely wounded.
The orc warrior hits you with a +0 long sword!
* * * LOW HITPOINT WARNING * * *
The orc hits you but does no damage.
Your shield prevents you from hitting the orc warrior.
Your headbutt misses the orc warrior.
The orc warrior is severely wounded.
You block the orc's attack.
The orc warrior hits you but does no damage.
You hit the orc warrior but do no damage.
The orc warrior is severely wounded.
The orc hits you but does no damage. You block the orc warrior's attack.
You hit the orc warrior but do no damage.
The orc warrior is severely wounded.
The orc hits you but does no damage.
The orc warrior hits you with a +0 long sword!
You die...

.#.# .... #)........#
.#.# ..... #..........
.#.####.....
............
...)รท.......
#........##
............ #'#######
........##########.....
##......#...........#
#......#.......o)..####
#......#.......@o......
#......'........)......
#......#...............
#......#...........###'
################.....
.##..# .# .... .# .#.


You could see an orc warrior and an orc.

Vanquished Creatures
  Grinder (D:4)
  2 steam dragons (D:5)
  Duvessa (D:4)
  A sky beast (D:5)
  A phantom (D:5)
  An ogre (D:6)
  A scorpion (D:5)
  Dowan (D:4)
  4 crimson imps (D:5)
  3 hounds
  A bullfrog skeleton (D:5)
  An orc priest (D:6)
  A centaur skeleton (D:5)
  A gnoll shaman (D:5)
  Ijyb (D:3)
  2 iguanas
  An orc wizard (D:4)
  2 worker ants
  Robin (D:4)
  5 gnolls (D:5)
  10 adders
  2 shadow imps
  2 oozes (D:3)
  An adder skeleton (D:5)
  5 worms
  A dart slug (D:3)
  2 leopard geckos (D:2)
  16 orcs
  2 ball pythons
  A bat (D:1)
  2 giant cockroaches
  5 hobgoblins
  9 jackals
  7 kobolds
  5 quokkas
  7 frilled lizards
  14 goblins
  2 rats
125 creatures vanquished.

Vanquished Creatures (others)
  A frilled lizard (D:2)
  3 fungi (D:5)
4 creatures vanquished.

Grand Total: 129 creatures vanquished

Notes
Turn   | Place    | Note
-------+----------+-------------------------------------------
     0 | D:1      | Emblim88 the Minotaur Monk began the quest for the Orb.
     0 | D:1      | Reached XP level 1. HP: 19/19 MP: 0/0
   112 | D:1      | Reached XP level 2. HP: 5/27 MP: 1/1
  1092 | D:2      | Reached XP level 3. HP: 16/33 MP: 2/2
  1532 | D:2      | Found a white marble altar of Elyvilon.
  1558 | D:2      | HP: 1/34 [poisoned by an adder]
  1979 | D:2      | Reached XP level 4. HP: 36/41 MP: 3/3
  2374 | D:3      | Found an opulent altar of Gozag.
  2584 | D:3      | Found a hazy altar of Hepliaklqana.
  2600 | D:3      | Noticed Ijyb
  2614 | D:3      | Killed Ijyb
  2838 | D:3      | Reached skill level 5 in Long Blades
  2838 | D:3      | Reached XP level 5. HP: 44/47 MP: 4/4
  2859 | D:3      | Reached skill level 5 in Fighting
  3083 | D:3      | Found a faded altar of an unknown god.
  3402 | D:4      | Noticed Grinder
  3415 | D:4      | Killed Grinder
  3415 | D:4      | Reached skill level 5 in Dodging
  3415 | D:4      | Reached XP level 6. HP: 23/57 MP: 5/5
  3914 | D:4      | Found a staircase to the Ecumenical Temple.
  3944 | Temple   | Entered the Ecumenical Temple
  4094 | Temple   | Became a worshipper of Uskayaw the Reveler
  4094 | Temple   | Reached * piety under Uskayaw
  4146 | D:4      | Reached ** piety under Uskayaw
  4148 | D:4      | Reached skill level 1 in Evocations
  4172 | D:4      | Noticed Dowan
  4173 | D:4      | Noticed Duvessa
  4177 | D:4      | Killed Dowan
  4177 | D:4      | Reached XP level 7. HP: 60/63 MP: 5/7
  4183 | D:4      | Killed Duvessa
  4461 | D:4      | Noticed Robin
  4466 | D:4      | Killed Robin
  4761 | D:5      | Entered Level 5 of the Dungeon
  4774 | D:5      | Reached *** piety under Uskayaw
  4827 | D:5      | Reached skill level 1 in Invocations
  5096 | D:5      | Found a sacrificial altar of Ru.
  5112 | D:5      | HP: 2/64 [gnoll/+0 halberd (13)]
  5118 | D:5      | Reached **** piety under Uskayaw
  5440 | D:5      | Noticed a steam dragon
  5441 | D:5      | Noticed a steam dragon
  5449 | D:5      | Killed a steam dragon
  5449 | D:5      | Reached XP level 8. HP: 18/71 MP: 2/9
  5946 | D:5      | Found a bloodstained altar of Trog.
  5983 | D:5      | Reached skill level 1 in Shields
  6654 | D:6      | Found a bloodstained altar of Trog.
  6863 | D:6      | Slain by an orc warrior

Skill      XL: |  1  2  3  4  5  6  7  8 |
---------------+-------------------------+-----
Long Blades    | 4 5 6 7 |  7.1
Fighting       | 4 5 6 7 |  7.1
Dodging        | 4 5 6 |  6.2
Evocations     | 1 3 4 |  4.0
Invocations    | 2 3 |  3.6
Shields        | 3 |  3.6
Stealth        | |  1.5

Action                   |  1- 3 |  4- 6 |  7- 9 || total
-------------------------+-------+-------+-------++-------
Melee: Falchion          |    79 |    15 |       ||    94
       Headbutt          |    20 |    22 |    39 ||    81
       Long sword        |       |   108 |   192 ||   300
Invok: Stomp             |       |       |     5 ||     5
  Use: Potion            |     1 |     1 |     6 ||     8
       Scroll            |       |     9 |     3 ||    12
 Stab: Sleeping          |     3 |     4 |       ||     7
       Paralysed         |       |       |     3 ||     3
  Eat: Ration            |     1 |     2 |     2 ||     5
       Chunk             |       |       |     3 ||     3
Armor: Robe              |     7 |       |       ||     7
       Leather armour    |     5 |     6 |       ||    11
       Plate armour      |       |    42 |   128 ||   170
Dodge: Dodged            |    49 |    66 |    46 ||   161
Block: Shield            |       |       |    28 ||    28
       Buckler           |       |       |     8 ||     8
       Rpst.: Falchion   |    16 |     2 |       ||    18
       Long sword        |       |    16 |    13 ||    29
